 Dungeon Crawl Stone Soup version 0.23-a0-143-g1adec7b (webtiles) character file.

34158 iamserjio the Martial Artist (level 13, -8/90 HPs)
             Began as an Octopode Summoner on Sept 2, 2018.
             Was the Champion of Cheibriados.
             Mangled by a tyrant leech (34 damage)
             ... on level 6 of the Lair of Beasts.
             The game lasted 01:28:59 (27013 turns).

iamserjio the Martial Artist (Octopode Summoner)   Turns: 27013, Time: 01:28:59

Health: -8/90      AC:  1    Str: 24    XL:     13   Next: 75%
Magic:  21/22      EV: 23    Int: 38    God:    Cheibriados [******]
Gold:   939        SH: 15    Dex: 32    Spells: 7/24 levels left

rFire    . . .     SeeInvis +     - Unarmed
rCold    . . .     Gourm    .   m - +0 shield
rNeg     . . .     Faith    .   (helmet restricted)
rPois    +         Spirit   .   V - amulet of magic regeneration
rElec    .         Reflect  .   q - ring of protection from magic
rCorr    .         Harm     .   p - +3 ring of dexterity
MR       +....                  t - +2 ring of strength
Stlth    +++++.....             G - ring of see invisible
HPRegen  0.25/turn              K - ring of poison resistance
MPRegen  0.43/turn              W - +2 ring of intelligence
                                (no ring)
                                (no ring)

@: confusing touch, slowed, very slow
A: almost no armour, stealthy swim, amphibious, 8 rings, constrict 8, camouflage
1, gelatinous body 1
a: Bend Time, Temporal Distortion, Slouch, Step From Time, Renounce Religion


You were on level 6 of the Lair of Beasts.
You worshipped Cheibriados.
Cheibriados was exalted by your worship.
You were hungry.

You visited 3 branches of the dungeon, and saw 18 of its levels.
You also visited: Labyrinth.

You collected 1307 gold pieces.
You spent 368 gold pieces at shops.

Inventory:

Missiles
 e - 324 arrows (quivered) {sticks to attention}
Armour
 m - a +0 shield (worn)
Magical Staves
 y - an uncursed staff of air
 C - an uncursed staff of summoning
 O - an uncursed staff of energy
Jewellery
 n - an uncursed ring of teleportation
 p - a +3 ring of dexterity (right tentacle)
 q - a ring of protection from magic (left tentacle)
 t - a +2 ring of strength (on tentacle)
 G - a ring of see invisible (on tentacle)
 K - a ring of poison resistance (on tentacle)
 S - an uncursed amulet of regeneration
 T - a +4 amulet of reflection
 V - an amulet of magic regeneration (around mantle)
 W - a +2 ring of intelligence (on tentacle)
Wands
 f - a wand of iceblast (11)
 o - a wand of clouds (1)
 z - a wand of flame (23)
 D - a wand of paralysis (2)
 L - a wand of polymorph (11)
 X - a wand of enslavement (28)
Scrolls
 d - 4 scrolls of remove curse {@r2}
 g - 8 scrolls of teleportation
 j - 5 scrolls of enchant weapon
 l - 3 scrolls of magic mapping
 r - 3 scrolls of immolation
 v - a scroll of acquirement
 w - 4 scrolls of enchant armour
 x - 2 scrolls of amnesia
 E - 2 scrolls of fear
 I - 5 scrolls of fog
 M - a scroll of silence
 N - a scroll of vulnerability
 Z - a scroll of summoning
Potions
 a - 2 potions of ambrosia
 c - a potion of lignification
 h - 4 potions of resistance
 i - 3 potions of brilliance
 k - 2 potions of mutation
 s - 2 potions of cancellation
 u - 2 potions of magic
 A - a potion of might
 B - 3 potions of curing {@q1}
 F - 4 potions of flight
 H - 2 potions of heal wounds
 P - a potion of agility
 Q - a potion of invisibility {unknown}
 U - a potion of berserk rage {unknown}
Miscellaneous
 J - a box of beasts
Comestibles
 b - 37 rations


   Skills:
 - Level 9.3 Fighting
 - Level 9.0 Dodging
 - Level 6.0 Stealth
 + Level 11.4 Shields
 + Level 11.5 Unarmed Combat
 - Level 6.0 Spellcasting
 - Level 1.1 Conjurations
 - Level 1.0 Hexes
 - Level 5.0 Summonings
 - Level 1.0 Translocations
 - Level 3.0 Air Magic
 - Level 1.2 Poison Magic
 + Level 6.1 Invocations
 - Level 2.0 Evocations


You had 7 spell levels left.
You knew the following spells:

 Your Spells              Type           Power        Failure   Level  Hunger
b - Call Canine Familiar  Summ           #####...     1%          3    None
c - Summon Lightning Spi  Summ/Air       #####...     9%          4    #......
d - Blink                 Tloc           N/A          4%          2    None
e - Confusing Touch       Hex            ###...       3%          1    None
f - Mephitic Cloud        Conj/Pois/Air  ####....     7%          3    None
g - Summon Ice Beast      Ice/Summ       ####....     17%         4    #......

Your spell library contained the following spells:

 Spells                   Type           Power        Failure   Level  Hunger
 Summon Small Mammal      Summ           ####         1%          1    None
 Call Imp                 Summ           #####...     1%          2    None
 Flame Tongue             Conj/Fire      ###..        3%          1    None
 Magic Dart               Conj           ###.         3%          1    None
 Sting                    Conj/Pois      ###.         3%          1    None
 Beastly Appendage        Tmut           ##....       4%          1    None
 Slow                     Hex            ###.....     4%          2    None
 Recall                   Summ/Tloc      N/A          4%          3    None
 Summon Guardian Golem    Hex/Summ       ####....     4%          3    None
 Throw Flame              Conj/Fire      ###...       6%          2    None
 Passwall                 Tmut/Erth      ##......     7%          2    None
 Sticks to Snakes         Tmut           ##......     7%          2    None
 Spider Form              Tmut/Pois      ###.......   11%         3    None
 Conjure Flame            Conj/Fire      ###.....     12%         3    None
 Inner Flame              Hex/Fire       ###.....     12%         3    None
 Olgreb's Toxic Radiance  Pois           ###.....     28%         4    #......
 Sticky Flame             Conj/Fire      ###.....     36%         4    #......
 Silence                  Hex/Air        ####......   50%         5    ####...
 Shadow Creatures         Summ           N/A          67%         6    ######.
 Alistair's Intoxication  Tmut/Pois      ###.....     71%         5    ####...
 Fireball                 Conj/Fire      ###.......   71%         5    ####...
 Bolt of Magma            Conj/Fire/Erth ##........   75%         5    ####...
 Conjure Ball Lightning   Conj/Air       ####......   97%         6    ######.
 Deflect Missiles         Chrm/Air       ###.......   98%         6    ######.
 Dispersal                Tloc           ###.......   99%         6    ######.
 Tornado                  Air            ####......   100%        9    #######


Dungeon Overview and Level Annotations

Branches:
Dungeon (11/15)            Temple (1/1) D:7            Lair (6/6) D:10
 Shoals (0/4) Lair:4        Snake (0/4) Lair:2        Slime (0/5) Lair:6
    Orc (0/2) D:9

Altars:
Ashenzari
Cheibriados
Dithmenos
Elyvilon
Fedhas
Gozag
Hepliaklqana
Kikubaaqudgha
Makhleb
Nemelex Xobeh
Okawaru
Qazlal
Ru
Sif Muna
Trog
Uskayaw
Vehumet
Wu Jian
Xom
Yredelemnul
Zin
The Shining One
Jiyva

Shops:
D:5 *

Annotations:
D:6 3 runed doors, Hypnagogic's ghost, novice DECj
D:8 3 runed doors, torrenera's ghost, novice TrMo
Lair:2 3 runed doors, Arum's ghost, journeyman FoVM
Lair:6 1 runed door


Innate Abilities, Weirdness & Mutations

You cannot wear most types of armour.
You are very stealthy in the water. (Stealth+)
You are amphibious.
You can wear up to eight rings at the same time.
You can use your tentacles to constrict eight enemies at once.
Your skin changes colour to match your surroundings (Stealth+).
Your rubbery body absorbs attacks. (AC +1, EV +1)


Message History

The lindwurm claws you!
You tentacle-slap the lindwurm but do no damage.
You squeeze the lindwurm, but do no damage.
Your lightning spire shoots out a bolt of lightning at the lindwurm!
The bolt of electricity misses the lindwurm.
The bolt of electricity hits the tyrant leech.
The bolt of electricity hits the torpor snail.
You block the lindwurm's attack. The lindwurm claws you!
The lindwurm barely misses you. The lindwurm breathes flames at you.
The blast of flame hits you!
Ouch! That really hurt!
* * * LOW HITPOINT WARNING * * *
The lindwurm bites your lightning spire but does no damage.
The lindwurm claws your lightning spire.
The lindwurm claws your lightning spire!
The torpor snail bites your lightning spire!!
Your lightning spire is destroyed!
The tyrant leech bites you!!
You die...

###### ####
###w...##### ####.P.
#..kw@.....## ##.....†
#/..w###P....###....###
#..## ####..#.....## #
#. ##.....### # #.
######.(..### # #
#.#......#.# ##
###.......#### #.
##..†#....#### ##
##...##.#...#.# ##.


You could see a tyrant leech, 2 torpor snails and a lindwurm.

Vanquished Creatures
  A minotaur (Lab)
  A hydra (Lair:5)
  Harold (Lair:1)
  Erica (D:8)
  A queen ant (Lair:3)
  Pikel (D:6)
  A merfolk siren (Lair:4)
  7 elephants
  A black mamba (Lair:4)
  2 centaur zombies (D:10)
  Maurice (D:8)
  2 torpor snails (Lair:6)
  8 spiny frogs
  5 komodo dragons
  3 rime drakes
  A polar bear (Lair:3)
  A troll (D:11)
  A tyrant leech (Lair:6)
  4 hornets
  12 blink frogs
  5 hippogriffs
  3 dream sheep
  A wyvern (Lair:4)
  12 yaks
  Edmund (D:5)
  A naga (D:6)
  12 soldier ants
  11 water moccasins
  6 porcupines
  A black bear (D:8)
  An ice beast (D:11)
  6 ogres
  7 orc warriors
  2 slaves (D:6)
  An eye of draining (D:10)
  3 sky beasts
  16 wolves
  13 crocodiles
  9 centaurs
  Blork the orc (D:6)
  9 bullfrogs
  4 scorpions
  A wyvern skeleton (D:10)
  A jelly (D:6)
  4 wights
  4 killer bees
  A howler monkey (D:4)
  An electric eel (Lair:4)
  5 crimson imps
  A bullfrog zombie (D:10)
  A quasit (D:10)
  3 centaur skeletons
  A gnoll shaman (D:6)
  5 orc priests
  5 hounds
  A bullfrog skeleton (D:7)
  An iguana (D:5)
  6 orc wizards
  26 worker ants
  Robin (D:4)
  A howler monkey skeleton (D:5)
  A howler monkey zombie (D:5)
  3 gnolls (D:6)
  13 adders
  3 shadow imps
  A worm (D:5)
  5 leopard geckos
  58 orcs
  10 bats
  3 giant cockroaches
  8 hobgoblins
  11 jackals
  4 quokkas
  6 ball pythons
  6 frilled lizards
  9 goblins
  2 jackal skeletons (D:6)
  3 kobolds
  4 rats
  A spectral orc (D:5)
  A fungus (D:10)
  6 plants
407 creatures vanquished.

Vanquished Creatures (collateral kills)
  Snorg (D:10)
  3 oklob plants
  An elephant (Lair:5)
  A torpor snail (Lair:6)
  2 spiny frogs
  3 komodo dragons
  A troll (D:10)
  2 tyrant leeches (Lair:6)
  4 hornets (Lair:6)
  5 blink frogs
  6 dream sheep
  8 yaks
  Grum (D:8)
  A naga (Lair:2)
  4 soldier ants (Lair:3)
  2 water moccasins
  3 orc warriors (D:11)
  A phantom (D:10)
  2 ogres
  3 wolves
  4 crocodiles
  3 bullfrogs
  2 killer bees (D:11)
  An oklob sapling (D:11)
  A jelly (D:6)
  A quasit (D:7)
  An orc priest (D:11)
  A hound (D:10)
  10 worker ants
  3 orc wizards
  2 gnolls (D:6)
  2 worms (D:2)
  A dart slug (D:2)
  15 orcs
  A hobgoblin (D:1)
  2 jackals (D:1)
  A ball python (D:11)
  A frilled lizard (D:1)
  2 kobolds (D:1)
  A rat (D:1)
  A butterfly (Lair:5)
  2 fungi
  2 plants (D:11)
114 creatures vanquished.

Vanquished Creatures (others)
  An ice beast (D:6)
  A leopard gecko (D:6)
  7 fungi
  21 plants
30 creatures vanquished.

Grand Total: 551 creatures vanquished

Notes
Turn   | Place    | Note
-------+----------+-------------------------------------------
     0 | D:1      | iamserjio the Octopode Summoner began the quest for the
                  | Orb.
     0 | D:1      | Reached XP level 1. HP: 11/11 MP: 3/3
   212 | D:1      | Reached skill level 1 in Unarmed Combat
   345 | D:1      | Reached XP level 2. HP: 17/18 MP: 1/5
   376 | D:1      | Reached skill level 1 in Fighting
  1096 | D:1      | Reached XP level 3. HP: 22/23 MP: 6/6
  1733 | D:2      | Found a sparkling altar of Nemelex Xobeh.
  1884 | D:2      | Learned a level 3 spell: Call Canine Familiar
  3027 | D:3      | Reached XP level 4. HP: 24/29 MP: 7/7
  3201 | D:3      | Found a bloodstained altar of Trog.
  3571 | D:3      | Found a sacrificial altar of Ru.
  4339 | D:4      | Found an iron altar of Okawaru.
  4685 | D:4      | Reached XP level 5. HP: 34/34 MP: 1/8
  5390 | D:4      | Noticed Robin
  5539 | D:4      | Killed Robin
  5539 | D:4      | Reached XP level 6. HP: 32/41 MP: 9/9
  6012 | D:4      | Reached skill level 5 in Unarmed Combat
  6990 | D:5      | Entered Level 5 of the Dungeon
  7041 | D:5      | Learned a level 4 spell: Summon Lightning Spire
  7090 | D:5      | Reached XP level 7. HP: 32/47 MP: 10/10
  7503 | D:5      | Found Fouqil's Assorted Antiques.
  7520 | D:5      | Bought an amethyst potion for 27 gold pieces
  7520 | D:5      | Bought a potion of heal wounds for 155 gold pieces
  7523 | D:5      | Bought a scroll labeled MEIJEEGU RYFON for 31 gold pieces
  7523 | D:5      | Found an opulent altar of Gozag.
  7680 | D:5      | Noticed a hand axe
  7681 | D:5      | Noticed a dagger
  7684 | D:5      | Found a hide-covered altar of Uskayaw.
  7996 | D:5      | Learned a level 2 spell: Blink
  8107 | D:5      | Found a basalt altar of Yredelemnul.
  8790 | D:6      | Noticed Edmund
  8830 | D:5      | Killed Edmund
  8830 | D:5      | Reached XP level 8. HP: 9/54 MP: 8/11
  9157 | D:6      | Reached skill level 5 in Fighting
  9233 | D:6      | Noticed Pikel
  9246 | D:6      | Killed Pikel
  9246 | D:6      | Noticed Blork the orc
  9254 | D:6      | Killed Blork the orc
  9669 | D:6      | Found a hazy altar of Hepliaklqana.
  9701 | D:6      | Found a runed gate.
  9701 | D:6      | Found a runed gate.
  9701 | D:6      | Found a runed gate.
  9964 | D:6      | Noticed Hypnagogic's ghost (novice DECj)
 10060 | D:6      | Reached XP level 9. HP: 39/62 MP: 9/12
 10822 | D:7      | Found a shattered altar of Ashenzari.
 11131 | D:7      | Got a shimmering quarterstaff
 11143 | D:7      | Found a staircase to the Ecumenical Temple.
 11153 | Temple   | Entered the Ecumenical Temple
 11398 | Temple   | Became a worshipper of Cheibriados the Contemplative
 11458 | D:7      | Found a shadowy altar of Dithmenos.
 12382 | D:7      | Found an ornate altar of the Wu Jian Council.
 12436 | D:8      | Reached skill level 10 in Unarmed Combat
 12441 | D:8      | Noticed Maurice
 12638 | D:8      | Reached * piety under Cheibriados
 12843 | D:8      | Found a stormy altar of Qazlal.
 12913 | D:8      | Noticed Erica
 12938 | D:8      | Killed Erica
 12938 | D:8      | Reached XP level 10. HP: 33/72 MP: 3/13
 13190 | D:8      | Found a blossoming altar of Fedhas.
 13262 | D:8      | Reached ** piety under Cheibriados
 13467 | D:8      | Found a runed gate.
 13467 | D:8      | Found a runed gate.
 13467 | D:8      | Found a runed gate.
 13527 | D:8      | Noticed Grum
 13590 | D:8      | Killed Grum
 13592 | D:8      | HP: 2/74 [wolf[Grum] (9)]
 13957 | D:8      | Noticed a kobold demonologist
 13960 | D:8      | Noticed torrenera's ghost (novice TrMo)
 13993 | D:8      | Killed Maurice
 14622 | D:9      | Found a deep blue altar of Sif Muna.
 14639 | D:9      | Identified Sif Muna's Tome of the Oath
 14643 | D:9      | Learned a level 1 spell: Confusing Touch
 14804 | D:9      | Reached skill level 1 in Hexes
 14873 | D:9      | Found a staircase to the Orcish Mines.
 15086 | D:9      | Reached *** piety under Cheibriados
 15481 | D:9      | Learned a level 3 spell: Mephitic Cloud
 15482 | D:10     | Entered Level 10 of the Dungeon
 15657 | D:10     | Reached skill level 1 in Translocations
 15657 | D:10     | Reached skill level 1 in Air Magic
 15684 | D:10     | Reached skill level 5 in Summonings
 16105 | D:10     | Reached skill level 1 in Poison Magic
 16247 | D:10     | Found a staircase to the Lair.
 16331 | D:10     | Reached XP level 11. HP: 74/80 MP: 17/17
 16525 | D:10     | Reached **** piety under Cheibriados
 16525 | D:10     | Reached skill level 5 in Dodging
 17196 | D:10     | Noticed Snorg
 17372 | D:10     | Killed Snorg
 17752 | D:11     | Reached skill level 1 in Conjurations
 17754 | D:11     | Reached ***** piety under Cheibriados
 18121 | D:11     | Noticed an oklob plant
 19458 | D:11     | Killed an oklob plant
 19481 | D:11     | Identified the Compendium of Nature
 19638 | D:5      | Bought a scroll of identify for 62 gold pieces
 19638 | D:5      | Bought a scroll of identify for 62 gold pieces
 19638 | D:5      | Bought a scroll labeled QIVED EXAIBUL for 31 gold pieces
 19765 | Lair:1   | Entered Level 1 of the Lair of Beasts
 19777 | Lair:1   | Learned a level 4 spell: Summon Ice Beast
 19877 | Lair:1   | Noticed Harold
 19905 | Lair:1   | Reached skill level 5 in Spellcasting
 19939 | Lair:1   | Killed Harold
 19940 | Lair:1   | Reached ****** piety under Cheibriados
 20429 | Lair:1   | Reached skill level 1 in Shields
 20981 | Lair:2   | Found a runed gate.
 20981 | Lair:2   | Found a runed gate.
 20981 | Lair:2   | Found a runed gate.
 21005 | Lair:2   | Noticed Arum's ghost (journeyman FoVM)
 21141 | Lair:2   | Found a staircase to the Snake Pit.
 21148 | Lair:2   | Reached skill level 1 in Evocations
 21168 | Lair:2   | Reached XP level 12. HP: 68/85 MP: 21/21
 21922 | Lair:2   | Reached skill level 5 in Shields
 21974 | Lair:3   | Reached skill level 5 in Stealth
 22222 | Lair:3   | Noticed a queen ant
 22238 | Lair:3   | Killed a queen ant
 23156 | Lair:4   | Found a labyrinth entrance.
 23166 | Lab      | Entered a labyrinth
 23225 | Lab      | Noticed a minotaur
 23247 | Lab      | Killed a minotaur
 23247 | Lab      | Reached skill level 1 in Invocations
 23255 | Lab      | Identified the Disquisition on Venom and Stones
 23255 | Lab      | Identified the Handbook of the Teacher
 23658 | Lair:4   | Reached XP level 13. HP: 90/90 MP: 18/22
 24024 | Lair:4   | Reached skill level 10 in Shields
 24282 | Lair:4   | Found a staircase to the Shoals.
 25539 | Lair:5   | Reached skill level 5 in Invocations
 26081 | Lair:6   | Entered Level 6 of the Lair of Beasts
 26378 | Lair:6   | Found a viscous altar of Jiyva.
 26378 | Lair:6   | Found a staircase to the Slime Pits.
 26526 | Lair:6   | Identified a scroll of acquirement
 26620 | Lair:6   | Found a runed door.
 27013 | Lair:6   | Mangled by a tyrant leech

Vault maps used:
D:1:      onia_arrival_pentagram, serial_bayou_pond_a
D:2:      nemelex_xobeh_ov_fountains_minmay
D:3:      lightli_temple_of_fire, first_ration, nicolae_ru_sacrificial_ziggurat
D:4:      okawaru_trees_1, uniq_robin
D:5:      dancing_weapons_uskayaw, yredelemnul_forgotten_temple_becter,
          old_standard_altar, serial_shops, shop
D:6:      lemuel_doored_altar, gammafunk_ghost_icy, uniq_edmund, uniq_pikel,
          uniq_blork_the_orc
D:7:      lemuel_crystal_altar, lemuel_coloured_pillars_altar,
          kennysheep_mini_moat, minmay_temple_entry_mist, grunt_ogre_cave,
          st_stairs_7
D:8:      nicolae_overflow_crystal_walls, lemuel_crystal_altar,
          gammafunk_ghost_nasty_kobolds, uniq_grum, uniq_erica, uniq_maurice
D:9:      led_sif_book, hangedman_decor_riveting, grunt_ministairs_10
D:10:     grunt_lair_entry_orc_guard_hut, uniq_snorg
D:11:     introduction_to_nature_2
Temple:   jpeg_temple_island
Lair:1:   st_stairs_3, grunt_forest_stairs_basic, uniq_harold
Lair:2:   guppyfry_snake_entry_island, gammafunk_ghost_icy
Lair:3:   zaba_anthell, grunt_megastairs_5, minmay_lair_oklob_chamber
Lair:4:   minmay_shoals_entry_lonely_mermaid, lab_entry_generic,
          serial_bayou_lagoon_a
Lair:5:   infiniplex_staircase_pool_2, lemuel_fruit_tree, lemuel_fruit_fields
Lair:6:   hangedman_lair_in_review, wormcave, slime_altar_1,
          grunt_forest_small_clearings
Lab:      labyrinth_watery

Skill      XL: |  1  2  3  4  5  6  7  8  9 10 11 12 13 |
---------------+----------------------------------------+-----
Unarmed Combat | 1 2 3 4 5 7 9 11 | 11.5
Fighting       | 1 2 3 4 6 7 9 |  9.3
Stealth        | 3 6 |  6.0
Hexes          | 1 |  1.0
Dodging        | 4 9 |  9.0
Spellcasting   | 4 6 |  6.0
Translocations | 1 |  1.0
Air Magic      | 2 3 |  3.0
Summonings     | 5 |  5.0
Poison Magic   | 1 |  1.2
Conjurations   | 1 |  1.1
Shields        | 2 9 11 | 11.4
Evocations     | 1 2 |  2.0
Invocations    | 2 6 |  6.1

Action                   |  1- 3 |  4- 6 |  7- 9 | 10-12 | 13-15 || total
-------------------------+-------+-------+-------+-------+-------++-------
Melee: Unarmed           |   125 |   166 |   252 |   481 |   187 ||  1211
       Constrict         |    35 |    44 |    53 |    94 |    24 ||   250
       Tentacles         |    20 |    36 |    54 |   206 |    80 ||   396
       Punch             |     2 |     7 |    16 |    79 |    35 ||   139
 Cast: Summon Small Mamm |    22 |     2 |       |       |       ||    24
       Call Canine Famil |     1 |    15 |    28 |    35 |     6 ||    85
       Summon Lightning  |       |       |     1 |    50 |    26 ||    77
       Confusing Touch   |       |       |       |    14 |     7 ||    21
       Mephitic Cloud    |       |       |       |     4 |       ||     4
       Blink             |       |       |       |     1 |       ||     1
       Summon Ice Beast  |       |       |       |     1 |       ||     1
Evoke: Wand              |       |       |    14 |    13 |     7 ||    34
  Use: Potion            |     1 |     1 |     3 |     7 |     1 ||    13
       Scroll            |       |     2 |     7 |    21 |     7 ||    37
 Stab: Sleeping          |     8 |     4 |     5 |    19 |     6 ||    42
       Distracted        |       |     1 |     1 |     6 |     5 ||    13
       Paralysed         |       |       |       |     8 |     1 ||     9
       Confused          |       |       |       |    10 |     6 ||    16
       Betrayed ally     |       |       |       |       |     1 ||     1
  Eat: Chunk             |     6 |    12 |    15 |    23 |     5 ||    61
       Ration            |       |     1 |     2 |       |       ||     3
Armor: Skin              |    20 |    10 |    16 |     3 |    18 ||    67
Dodge: Dodged            |    78 |    64 |   151 |   308 |    91 ||   692
Block: Buckler           |       |       |       |    59 |    54 ||   113
       Shield            |       |       |       |       |    45 ||    45

Table legend:
 A = Non-vault XP
 B = Vault XP
 C = Vault XP percentage of total XP
 D = Non-vault monster count
 E = Vault monster count
 F = Vault count percentage of total count
                 A         B        C        D         E       F
            +---------+---------+-------+---------+---------+-------
      Total |   32344 |   16454 |  33.7 |     363 |     144 |  28.4
            +---------+---------+-------+---------+---------+-------
        D:1 |      51 |       0 |   0.0 |      33 |       0 |   0.0
        D:2 |      30 |       0 |   0.0 |      13 |       0 |   0.0
        D:3 |      91 |       0 |   0.0 |      21 |       0 |   0.0
        D:4 |     352 |      29 |   7.6 |      24 |       8 |  25.0
        D:5 |     416 |     139 |  25.0 |      19 |       2 |   9.5
        D:6 |     789 |     688 |  46.6 |      22 |       2 |   8.3
        D:7 |     556 |     110 |  16.5 |      18 |       2 |  10.0
        D:8 |    1477 |    1284 |  46.5 |      34 |       7 |  17.1
        D:9 |    1061 |     292 |  21.6 |      17 |       5 |  22.7
       D:10 |    2229 |    1000 |  31.0 |      22 |       4 |  15.4
       D:11 |    2296 |    1930 |  45.7 |      22 |      41 |  65.1
     Lair:1 |    2000 |     938 |  31.9 |      14 |       2 |  12.5
     Lair:2 |    2892 |     788 |  21.4 |      15 |       5 |  25.0
     Lair:3 |    2613 |    4964 |  65.5 |      16 |      51 |  76.1
     Lair:4 |    6144 |     663 |   9.7 |      32 |       2 |   5.9
     Lair:5 |    6717 |       0 |   0.0 |      29 |       0 |   0.0
     Lair:6 |    2630 |    2650 |  50.2 |      12 |      12 |  50.0
        Lab |       0 |     979 | 100.0 |       0 |       1 | 100.0
            +---------+---------+-------+---------+---------+-------
